 Dungeon Crawl Stone Soup version 0.14.1-26-g5a19342 (webtiles) character file.

26 Kae the Ruffian (level 2, 0/22 HPs)
             Began as a Naga Transmuter on July 26, 2014.
             Slain by a giant newt (3 damage)
             ... on Level 1 of the Dungeon.
             The game lasted 00:01:03 (931 turns).

Kae the Ruffian (Naga Transmuter)                    Turns: 931, Time: 00:01:03

HP   0/22        AC  1     Str 12      XL: 2   Next: 75%
MP   2/3         EV 10     Int 13      God:
Gold 7           SH  0     Dex 11      Spells:  1 memorised,  4 levels left

rFire  . . .     SeeInvis +       - Unarmed
rCold  . . .     Clarity  .     c - +0 robe
rNeg   . . .     Conserve .     (no shield)
rPois  +         rCorr    .     (helmet restricted)
rElec  .         rRot     .     (no cloak)
SustAb . .       Spirit   .     (no gloves)
rMut   .         Warding  .     (no barding)
Saprov . . .     Stasis   .     (no amulet)
MR     .....                    (no ring)
                                (no ring)

@: appendage (expiring), very slow, not resistant to hostile enchantments,
unstealthy
A: spit poison, horns 2, see invisible, deformed body, frail 1, low mp 1, poison
resistance, regeneration 1, slowness 2
a: Spit Poison, End Transformation


You were on level 1 of the Dungeon.
You were not hungry.
You had grown temporary horns.
You visited 1 branch of the dungeon, and saw 1 of its levels.

You collected 7 gold pieces.

Inventory:

Missiles
 b - 12 arrows
Armour
 c - a +0 robe (worn)
Comestibles
 a - a bread ration
 g - a pear
Scrolls
 e - a scroll of fear {unknown}
Books
 d - a book of Changes

   Spells                             Type                      Level
   *Beastly Appendage                 Transmutation                1
   Sticks to Snakes                   Transmutation                2
   Spider Form                        Transmutation/Poison         3
   Ice Form                           Ice/Transmutation            4
   Blade Hands                        Transmutation                5


   Skills:
 - Level 1.0 Fighting
 - Level 1.5 Dodging
 * Level 3.6 Unarmed Combat
 - Level 2.0 Spellcasting
 + Level 2.4 Transmutations


You had 4 spell levels left.
You knew the following spells:

 Your Spells              Type           Power        Failure   Level  Hunger
a - Beastly Appendage     Trmt           #.....       12%         1    ##.....


Dungeon Overview and Level Annotations

Branches:
Dungeon (1/15)

Altars:


Innate Abilities, Weirdness & Mutations

You cannot wear boots.
You can spit poison.
You have supernaturally acute eyesight.
Armour fits poorly on your strangely shaped body.
Your system is resistant to poisons.
You cover ground very slowly.
You have a pair of horns on your head.
You are frail (-10% HP).
Your magical capacity is low (-10% MP).
Your natural rate of healing is unusually fast.


Message History

You barely miss the giant newt. The giant newt closely misses you.
You closely miss the giant newt. The giant newt closely misses you.
You closely miss the giant newt. The giant newt closely misses you.
Casting: Beastly Appendage
Confirm with . or Enter, or press ? or * to list all spells.
You grow a pair of large bovine horns.
The giant newt bites you.
* * * LOW HITPOINT WARNING * * *
The giant newt bites you.
* * * LOW HITPOINT WARNING * * *
You closely miss the giant newt. Your punch misses the giant newt.
You miss the giant newt. The giant newt misses you.
You miss the giant newt. Your headbutt misses the giant newt.
The giant newt closely misses you.
You miss the giant newt. The giant newt misses you.
You aren't carrying any potions.
Unknown command.
You barely miss the giant newt.
Your transformation is almost over.
The giant newt bites you.
You die...

...%....>..)....)....#.......#...
###.......####.......###.........
#.......# #.......#######.#...
########### ##..................
.# #######...#######....... .#
.......#...#######....... .#
........#................. .#
........#...#######..%.... .#
........#@..### ###)#... .#
#.......Kl.....# #.#### .#
#.......g##.##.#######.#### .
.........................).
##########.##.#####....### #.##.#
#....# #.##.#####)...#
#.............# ###....###....#


You could see a goblin, a kobold and a giant newt.

Vanquished Creatures
  3 bats (D:1)
  2 giant cockroaches (D:1)
  A hobgoblin (D:1)
  2 jackals (D:1)
  2 giant geckos (D:1)
  5 giant newts (D:1)
  4 kobolds (D:1)
  2 rats (D:1)
21 creatures vanquished.

Notes
Turn   | Place    | Note
--------------------------------------------------------------
     0 | D:1      | Kae, the Naga Transmuter, began the quest for the Orb.
     0 | D:1      | Reached XP level 1. HP: 18/18 MP: 3/3
   357 | D:1      | Reached XP level 2. HP: 11/25 MP: 2/4
   503 | D:1      | Gained mutation: Your magical capacity is low (-10% MP). [potion of mutation]
   503 | D:1      | Gained mutation: You are frail (-10% HP). [potion of mutation]
   503 | D:1      | Gained mutation: Your natural rate of healing is unusually fast. [potion of mutation]
   931 | D:1      | Slain by a giant newt

Action                   || total
-------------------------++-------
Melee: Unarmed           ||    80
 Cast: Beastly Appendage ||    10
  Use: Potion            ||     1
